 Dungeon Crawl Stone Soup version 0.22-a0-136-g83a10e5 (webtiles) character file.

129 KristoblXynda the Slasher (level 4, -2/37 HPs)
             Began as a Demigod Gladiator on Feb 2, 2018.
             Killed from afar by an orc wizard (9 damage)
             ... with a magic dart
             ... on level 3 of the Dungeon.
             The game lasted 00:03:52 (1837 turns).

KristoblXynda the Slasher (Demigod Gladiator)       Turns: 1837, Time: 00:03:53

Health: -2/37      AC:  7    Str: 19    XL:     4   Next: 58%
Magic:  6/6        EV: 12    Int: 12    God:
Gold:   127        SH:  0    Dex: 21    Spells: 3/3 levels left

rFire    . . .     SeeInvis .   a - +0 long sword
rCold    . . .     Gourm    .   (no shield)
rNeg     . . .     Faith    .   s - +0 scale mail
rPois    +         Spirit   .   c - +0 helmet
rElec    .         Reflect  .   (no cloak)
rCorr    .         Harm     .   (no gloves)
MR       .....                  (no boots)
Stlth    ..........             (no amulet)
HPRegen  0.12/turn              e - +4 ring of dexterity
MPRegen  0.10/turn              h - ring of poison resistance

@: berserk cooldown, slowed, very slow
A: high mp 1
a: no special abilities


You were on level 3 of the Dungeon.
You were not hungry.

You visited 1 branch of the dungeon, and saw 3 of its levels.

You collected 127 gold pieces.

Inventory:

Hand Weapons
 a - a +0 long sword (weapon)
Missiles
 d - 2 throwing nets (quivered)
Armour
 c - a +0 helmet (worn)
 s - a +0 scale mail (worn)
Jewellery
 e - a +4 ring of dexterity (left hand)
 h - a ring of poison resistance (right hand)
 t - a +2 ring of strength {unknown}
Wands
 b - a wand of disintegration (15)
Scrolls
 g - a scroll of enchant armour {unknown}
Potions
 i - 2 potions of berserk rage
 k - 2 potions of might
 l - a potion of magic {unknown}
 o - a potion of haste {unknown}
 p - a potion of cancellation {unknown}
 q - a potion of lignification {unknown}
 r - a potion of curing {unknown}
Comestibles
 f - 5 rations


   Skills:
 + Level 2.5 Fighting
 * Level 3.7 Long Blades
 - Level 2.1 Throwing
 + Level 1.3 Armour
 + Level 3.3 Dodging


You had 3 spell levels left.
You didn't know any spells.

Dungeon Overview and Level Annotations

Branches:
Dungeon (3/15)


Innate Abilities, Weirdness & Mutations

You have an increased reservoir of magic. (+10% MP)


Message History

You resist with some effort.
The orc wizard casts a spell.
The orc wizard blinks!
Throwing (i - inventory)
d - 3 throwing nets (quivered)
Press: ? - help, Shift-Dir - straight line, f - orc wizard
Aim: an orc wizard, wielding a dagger and wearing a robe You throw a throwing net.
The throwing net hits the orc wizard.
The orc wizard is caught in the net!
The orc wizard points at you and mumbles some strange words.
The magic dart hits you!
* * * LOW HITPOINT WARNING * * *
The orc wizard struggles against the net.
The orc wizard struggles against the net.
You hit the orc wizard but do no damage.
The orc wizard struggles against the net.
You slash the orc wizard!
The orc wizard is heavily wounded.
The orc wizard casts a spell at you. The magic dart hits you!
You die...

#######..#
#.............
......#.#
#..........#..
...#..#.
#..........# ..
....._#
#..........#...
...#..#
#......†..(..#
......#
####......>.####
#######
.............##
##..............
#....@.....####
#....o.....#
#..........#
##........##
##......##
########


You could see an orc wizard (caught).

Vanquished Creatures
  An orc priest (D:3)
  A worker ant zombie (D:3)
  4 adders
  A leopard gecko (D:2)
  2 orcs (D:3)
  2 ball pythons
  2 giant cockroaches
  3 goblins
  3 hobgoblins (D:3)
  5 jackals
  7 kobolds
  5 bats
  5 frilled lizards
  12 rats
53 creatures vanquished.

Notes
Turn   | Place    | Note
-------+----------+-------------------------------------------
     0 | D:1      | KristoblXynda the Demigod Gladiator began the quest for the Orb.
     0 | D:1      | Reached XP level 1. HP: 17/17 MP: 3/3
   386 | D:1      | Reached XP level 2. HP: 14/24 MP: 4/4
   835 | D:2      | Found an iron altar of Okawaru.
   914 | D:2      | Found a shadowy altar of Dithmenos.
   974 | D:2      | Reached XP level 3. HP: 29/29 MP: 5/5
  1191 | D:2      | Found a sparkling altar of Nemelex Xobeh.
  1725 | D:3      | Reached skill level 1 in Armour
  1732 | D:3      | Found a deep blue altar of Sif Muna.
  1806 | D:3      | Reached XP level 4. HP: 20/36 MP: 6/6
  1837 | D:3      | Killed from afar by an orc wizard

Vault maps used:
D:1:      tarquinn_simple_flora_water_f, minivault_26, kennysheep_doodads
D:2:      lemuel_round_altar, overflow_temple_1_default, first_ration,
          minmay_door_square, grunt_decor_mini_mirrors, grunt_dithmenos_smoke
D:3:      ashenzari_conservatory_becter, lemuel_coloured_pillars_altar,
          portal_sewer_entry_a

Skill      XL: |  1  2  3 |
---------------+----------+-----
Throwing       | 2 |  2.1
Long Blades    | 3 |  3.7
Dodging        | 3 |  3.3
Fighting       | 2 |  2.5
Armour         | 1 |  1.3

Action                   |  1- 3 |  4- 6 || total
-------------------------+-------+-------++-------
Melee: Long sword        |   100 |    12 ||   112
Throw: Throwing net      |       |     1 ||     1
  Use: Scroll            |     5 |       ||     5
       Potion            |       |     1 ||     1
  Eat: Ration            |     1 |       ||     1
       Chunk             |     1 |       ||     1
Armor: Leather armour    |    15 |       ||    15
       Ring mail         |     4 |       ||     4
       Scale mail        |    34 |     2 ||    36
Dodge: Dodged            |   108 |     5 ||   113
       Rpst.: Long sword |    41 |     1 ||    42

Table legend:
 A = Spawn XP
 B = Non-spawn XP
 C = Spawn XP percentage of total XP
 D = Spawn monster count
 E = Non-spawn monster count
 F = Spawn count percentage of total count
 G = Total turns spent on level
                    A         B        C        D         E        F      G
               +---------+---------+-------+---------+---------+-------+---------
         Total |       0 |     185 |   0.0 |       0 |      53 |   0.0 |  1837
               +---------+---------+-------+---------+---------+-------+---------
           D:1 |       0 |      23 |   0.0 |       0 |      15 |   0.0 |   773
           D:2 |       0 |      61 |   0.0 |       0 |      17 |   0.0 |   931
           D:3 |       0 |     101 |   0.0 |       0 |      21 |   0.0 |   133
               +---------+---------+-------+---------+---------+-------+---------
